cohdb
Replays
Latest Replays
All Replays
Popular Replays
Top Player Replays
Match Explorer
How It Works
Community
CoH3 Stats
Reddit
Sign in to upload your games and track your stats! →
Sign in with Steam
Match 26909339
Unlisted
Match 26909339
Overview
Messages
Build Orders
End
Vickers Machine Gun Team
Selects Australian Defense Battlegroup
Selects Australian Light Infantry Section
Australian Light Infantry Section
Australian Light Infantry Section
Australian Light Infantry Section
Construct Field Infirmary
Construct Section Command Post
Construct Platoon Command Post
Humber Armored Car
Black Dynamite
Pornstache
UVEN
Solojam
Alahuakeba
Eekay
Mangoz-_-
MMMMMMMMMMMM
0
0
Comments
sign in to comment!
No comments posted yet!